MLB
CINCINNATI REDS @ KANSAS CITY ROYALS
04/30/2045
 
TOP OF THE 1ST
Cincinnati Reds batting - Pitching for Kansas City Royals : RHP Tom Jensen
Pitching: RHP Tom Jensen
Batting: RHB Willie Lazcano 0-0: Ball
1-0: Ball
2-0: Called Strike
2-1: Ball
3-1: Base on Balls
Batting: LHB Sean Geisler 0-0: Ball
1-0: SINGLE (Groundball, 56D, EV 101.9 MPH)
Willie Lazcano to second
Runner from 2nd tries for 3rd, SAFE, throw by LF made to third
Sean Geisler to second
Batting: LHB Jake Bill 0-0: Ball
1-0: SINGLE (Groundball, 4MD, EV 98.8 MPH)
Willie Lazcano scores
Sean Geisler to third
Runner from 3rd tries for Home, SAFE, throw by CF to home
Batting: SHB Saulo Maina 0-0: Called Strike
0-1: Ball
1-1: Called Strike
1-2: Ball
2-2: Fly out, F7 (Flyball, 7S, EV 86.9 MPH)
Batting: LHB Satoru Handa 0-0: Ball
1-0: Fly out, F6 (Popup, 6S, EV 68.1 MPH)
Batting: LHB Jon Ledesma 0-0: Called Strike
0-1: Swinging Strike
0-2: Ball
1-2: Ball
2-2: Ball
3-2: Foul Ball, location: 2F
3-2: Foul Ball, location: 2F
3-2: Base on Balls
Jake Bill to second
Batting: RHB Fred Slade 0-0: Ball
1-0: Ball
2-0: Foul Ball, location: 2F
2-1: Ball
3-1: Fly out, F8 (Flyball, 8RM, EV 92.5 MPH)
Top of the 1st over - 2 runs, 2 hits, 0 errors, 2 left on base; Cincinnati 2 - Kansas City 0
BOTTOM OF THE 1ST
Kansas City Royals batting - Pitching for Cincinnati Reds : LHP Jeff Baker
Pitching: LHP Jeff Baker
Batting: RHB Mike Jaquez 0-0: Ball
1-0: Called Strike
1-1: Ball
2-1: Foul Ball, location: 2F
2-2: Strikes out swinging, 2-3 out at first.
Batting: RHB Imbart Faber 0-0: Called Strike
0-1: Foul Ball, location: 2F
0-2: Foul Ball, location: 2F
0-2: Ball
1-2: Ground out 4-3 (Groundball, 4, EV 88.8 MPH)
Batting: SHB Tony Prado 0-0: Ball
1-0: Foul Ball, location: 2F
1-1: SINGLE (Line Drive, 9S, EV 92.5 MPH)
Batting: RHB Aaron Matthews 0-0: Ball
1-0: Ball
2-0: Called Strike
Tony Prado steals 2nd base
2-1: Ball
3-1: Foul Ball, location: 2F
3-2: Strikes out looking
Bottom of the 1st over - 0 runs, 1 hit, 0 errors, 1 left on base; Cincinnati 2 - Kansas City 0
TOP OF THE 2ND
Cincinnati Reds batting - Pitching for Kansas City Royals : RHP Tom Jensen
Batting: LHB Shawn Morrison 0-0: Ground out 4-3 (Groundball, 4, EV 88.8 MPH)
Batting: RHB Omar Quintana 0-0: Called Strike
0-1: Ball
1-1: Ground out 4-3 (Groundball, 4, EV 108.1 MPH)
Batting: RHB Willie Lazcano 0-0: Foul Ball, location: 2F
0-1: SINGLE (Groundball, 6MD, EV 101.2 MPH)
Batting: LHB Sean Geisler 0-0: Swinging Strike
0-1: Ball
1-1: Ball
2-1: Swinging Strike
2-2: SINGLE (Line Drive, 8RS, EV 95.0 MPH)
Willie Lazcano to second
Runner from 2nd tries for 3rd, SAFE, throw by CF made to third
Batting: LHB Jake Bill 0-0: Ball
1-0: DOUBLE (Line Drive, 78D, EV 106.2 MPH)
Willie Lazcano scores
Sean Geisler to third
Runner from 3rd tries for Home, SAFE, no throw by LF
Batting: SHB Saulo Maina 0-0: Called Strike
0-1: Foul Ball, location: 2F
0-2: Foul Ball, location: 2F
0-2: Ball
1-2: Ball
2-2: Ball
3-2: Foul Ball, location: 2F
3-2: Foul Ball, location: 2F
3-2: SINGLE (Groundball, 34D, EV 100.6 MPH)
Jake Bill to third
Runner from 3rd tries for Home, SAFE, throw by RF to home
Batting: LHB Satoru Handa 0-0: Called Strike
0-1: Ball
1-1: Ball
2-1: Foul Ball, location: 2F
2-2: Ball
3-2: TRIPLE (Flyball, 89XD, EV 91.2 MPH)
Saulo Maina scores
Pitching: LHP Chris Eaker
Batting: LHB Jon Ledesma 0-0: Ball
1-0: Ball
2-0: Called Strike
2-1: Swinging Strike
2-2: Ball
3-2: Strikes out swinging
Top of the 2nd over - 4 runs, 5 hits, 0 errors, 1 left on base; Cincinnati 6 - Kansas City 0
BOTTOM OF THE 2ND
Kansas City Royals batting - Pitching for Cincinnati Reds : LHP Jeff Baker
Batting: LHB Bill Baconneck 0-0: Ball
1-0: Called Strike
1-1: Ball
2-1: Ball
3-1: Foul Ball, location: 2F
3-2: DOUBLE (Line Drive, 78XD, EV 106.9 MPH)
Batting: RHB Adam Martin 0-0: Ball
1-0: Swinging Strike
1-1: Foul Ball, location: 2F
1-2: Ball
2-2: Strikes out looking
Batting: RHB Mikolas Markus 0-0: Called Strike
0-1: Swinging Strike
0-2: Strikes out looking
Batting: RHB Bob Najar 0-0: Ball
1-0: Called Strike
1-1: Swinging Strike
1-2: Ground out 5-3 (Groundball, 56, EV 86.2 MPH)
Bottom of the 2nd over - 0 runs, 1 hit, 0 errors, 1 left on base; Cincinnati 6 - Kansas City 0
TOP OF THE 3RD
Cincinnati Reds batting - Pitching for Kansas City Royals : LHP Chris Eaker
Batting: RHB Fred Slade 0-0: Ground out 6-3 (Groundball, 6S, EV 66.2 MPH)
Batting: LHB Shawn Morrison 0-0: Ball
1-0: Fly out, F7 (Flyball, 78S, EV 85.6 MPH)
Batting: RHB Omar Quintana 0-0: Called Strike
0-1: DOUBLE (Line Drive, 78D, EV 108.1 MPH)
Batting: RHB Willie Lazcano 0-0: Ball
1-0: Ball
2-0: Fly out, F8 (Line Drive, 8LM, EV 86.2 MPH)
Top of the 3rd over - 0 runs, 1 hit, 0 errors, 1 left on base; Cincinnati 6 - Kansas City 0
BOTTOM OF THE 3RD
Kansas City Royals batting - Pitching for Cincinnati Reds : LHP Jeff Baker
Batting: LHB Sam Britt 0-0: Called Strike
0-1: Ball
1-1: Foul Ball, location: 2F
1-2: Foul Ball, location: 2F
1-2: Hit by Pitch
Batting: RHB Mike Jaquez 0-0: Ball
1-0: Foul Ball, location: 2F
1-1: Ball
2-1: Foul Ball, location: 2F
2-2: Strikes out swinging
Batting: RHB Imbart Faber 0-0: Ball
1-0: SINGLE (Line Drive, 78S, EV 100.6 MPH)
Sam Britt to second
Batting: SHB Tony Prado 0-0: Foul Ball, location: 2F
0-1: Foul Ball, location: 2F
0-2: Ball
1-2: Ball
2-2: Ball
3-2: DOUBLE (Flyball, 8RXD, EV 97.5 MPH)
Sam Britt scores
Imbart Faber to third
Runner from 3rd tries for Home, throw by CF and OUT! 8-4-2
Batting: RHB Aaron Matthews 0-0: Ground out 5-3 (Groundball, 56, EV 90.0 MPH)
Bottom of the 3rd over - 1 run, 2 hits, 0 errors, 1 left on base; Cincinnati 6 - Kansas City 1
TOP OF THE 4TH
Cincinnati Reds batting - Pitching for Kansas City Royals : LHP Chris Eaker
Batting: LHB Sean Geisler 0-0: Ball
1-0: Called Strike
1-1: Ground out 6-3 (Groundball, 6, EV 83.1 MPH)
Batting: LHB Jake Bill 0-0: Foul Ball, location: 2F
0-1: Ball
1-1: Called Strike
1-2: Ball
2-2: Ball
3-2: Strikes out looking
Batting: SHB Saulo Maina 0-0: Ball
1-0: Swinging Strike
1-1: Swinging Strike
1-2: Ball
2-2: Foul Ball, location: 2F
2-2: Strikes out swinging
Top of the 4th over - 0 runs, 0 hits, 0 errors, 0 left on base; Cincinnati 6 - Kansas City 1
BOTTOM OF THE 4TH
Kansas City Royals batting - Pitching for Cincinnati Reds : LHP Jeff Baker
Batting: LHB Bill Baconneck 0-0: Called Strike
0-1: Called Strike
0-2: Strikes out swinging
Batting: RHB Adam Martin 0-0: Ball
1-0: Ground out 5-3 (Groundball, 56S, EV 83.1 MPH)
Batting: RHB Mikolas Markus 0-0: Foul Ball, location: 2F
0-1: Swinging Strike
0-2: Ball
1-2: Fly out, F7 (Line Drive, 78M, EV 105.0 MPH)
Bottom of the 4th over - 0 runs, 0 hits, 0 errors, 0 left on base; Cincinnati 6 - Kansas City 1
TOP OF THE 5TH
Cincinnati Reds batting - Pitching for Kansas City Royals : LHP Chris Eaker
Batting: LHB Satoru Handa 0-0: Fly out, F8 (Flyball, 8LM, EV 80.6 MPH)
Batting: LHB Jon Ledesma 0-0: Called Strike
0-1: Foul Ball, location: 2F
0-2: Ball
1-2: Foul Ball, location: 2F
1-2: Strikes out looking
Batting: RHB Fred Slade 0-0: Called Strike
0-1: Called Strike
0-2: Foul Ball, location: 2F
0-2: Hit by Pitch
Batting: LHB Shawn Morrison 0-0: Ball
1-0: Fielders Choice at 2nd, 6-4 (Groundball, 6, EV 107.5 MPH)
Top of the 5th over - 0 runs, 0 hits, 0 errors, 1 left on base; Cincinnati 6 - Kansas City 1
BOTTOM OF THE 5TH
Kansas City Royals batting - Pitching for Cincinnati Reds : LHP Jeff Baker
Batting: RHB Bob Najar 0-0: Swinging Strike
0-1: Swinging Strike
0-2: Strikes out swinging
Batting: LHB Sam Britt 0-0: Called Strike
0-1: DOUBLE (Flyball, 89D, EV 104.4 MPH)
Batting: RHB Mike Jaquez 0-0: Called Strike
0-1: Foul Ball, location: 2F
0-2: Ball
1-2: Strikes out swinging
Batting: RHB Imbart Faber 0-0: Ground out 5-3 (Groundball, 5, EV 87.5 MPH)
Bottom of the 5th over - 0 runs, 1 hit, 0 errors, 1 left on base; Cincinnati 6 - Kansas City 1
TOP OF THE 6TH
Cincinnati Reds batting - Pitching for Kansas City Royals : LHP Chris Eaker
Batting: RHB Omar Quintana 0-0: Ball
1-0: Called Strike
1-1: Swinging Strike
1-2: Ball
2-2: SINGLE (Groundball, 4D, EV 95.6 MPH)
Batting: RHB Willie Lazcano 0-0: Ball
1-0: Called Strike
1-1: Called Strike
1-2: Ball
2-2: Fly out, F9 (Flyball, 9LS, EV 90.0 MPH)
Batting: LHB Sean Geisler 0-0: Called Strike
0-1: Ball
1-1: Fielders Choice at 2nd, 4-6 (Groundball, 4, EV 87.5 MPH)
Pitching: RHP Sergio Quinones
Batting: LHB Jake Bill 0-0: Ball
1-0: Foul Ball, location: 2F
1-1: Swinging Strike
1-2: Fly out, F3 (Popup, 34S, EV 83.8 MPH)
Top of the 6th over - 0 runs, 1 hit, 0 errors, 1 left on base; Cincinnati 6 - Kansas City 1
BOTTOM OF THE 6TH
Kansas City Royals batting - Pitching for Cincinnati Reds : LHP Jeff Baker
Batting: SHB Tony Prado 0-0: Swinging Strike
0-1: Ball
1-1: Foul Ball, location: 2F
1-2: Ball
2-2: Foul Ball, location: 2F
2-2: Foul Ball, location: 2F
2-2: Foul Ball, location: 2F
2-2: DOUBLE (Line Drive, 7LM, EV 111.2 MPH)
Batting: RHB Aaron Matthews 0-0: Ball
1-0: Called Strike
1-1: SINGLE (Groundball, 56D, EV 96.9 MPH)
Tony Prado to third
Runner from 3rd tries for Home, SAFE, throw by LF to home
Batting: LHB Bill Baconneck 0-0: Foul Ball, location: 2F
0-1: Ball
1-1: Ball
2-1: Ball
3-1: Swinging Strike
3-2: Base on Balls
Aaron Matthews to second
Batting: RHB Adam Martin 0-0: Grounds into double play, 5-4-3 (Groundball, 56, EV 111.9 MPH)
Aaron Matthews to third
Batting: RHB Mikolas Markus 0-0: Ball
1-0: Ball
2-0: DOUBLE (Flyball, 89XD, EV 107.5 MPH)
Aaron Matthews scores
Batting: RHB Bob Najar 0-0: Foul Ball, location: 2F
0-1: SINGLE (Line Drive, 78S, EV 90.0 MPH)
Mikolas Markus to third
Runner from 3rd tries for Home, SAFE, throw by LF to home
Batting: LHB Sam Britt 0-0: Ball
1-0: Swinging Strike
1-1: Called Strike
1-2: Foul Ball, location: 2F
1-2: Ball
2-2: Ball
3-2: Strikes out swinging
Bottom of the 6th over - 3 runs, 4 hits, 0 errors, 1 left on base; Cincinnati 6 - Kansas City 4
TOP OF THE 7TH
Cincinnati Reds batting - Pitching for Kansas City Royals : RHP Sergio Quinones
Batting: SHB Saulo Maina 0-0: Ball
1-0: Called Strike
1-1: Ball
2-1: Fly out, F4 (Popup, 4, EV 66.9 MPH)
Batting: LHB Satoru Handa 0-0: Called Strike
0-1: Foul Ball, location: 2F
0-2: Ground out U3 (Groundball, 3S, EV 90.6 MPH)
Batting: LHB Jon Ledesma 0-0: Ball
1-0: Ball
2-0: Ball
3-0: Base on Balls
Batting: RHB Fred Slade 0-0: Called Strike
0-1: Ball
1-1: Ball
2-1: Foul Ball, location: 2F
2-2: Strikes out swinging
Top of the 7th over - 0 runs, 0 hits, 0 errors, 1 left on base; Cincinnati 6 - Kansas City 4
BOTTOM OF THE 7TH
Kansas City Royals batting - Pitching for Cincinnati Reds : LHP Jeff Baker
Pitching: RHP Gwidon Kaminski
Batting: RHB Mike Jaquez 0-0: Swinging Strike
0-1: Foul Ball, location: 2F
0-2: Ball
1-2: Ball
2-2: Ball
3-2: Foul Ball, location: 2F
3-2: Strikes out swinging
Batting: RHB Imbart Faber 0-0: Foul Ball, location: 2F
0-1: Ball
1-1: Swinging Strike
1-2: SINGLE (Groundball, 4MD, EV 94.4 MPH)
Batting: SHB Tony Prado 0-0: Ball
1-0: Foul Ball, location: 2F
1-1: Ball
2-1: Ball
3-1: Called Strike
3-2: Strikes out looking
Batting: RHB Aaron Matthews 0-0: Ball
1-0: Fly out, F9 (Flyball, 89D, EV 81.2 MPH)
Bottom of the 7th over - 0 runs, 1 hit, 0 errors, 1 left on base; Cincinnati 6 - Kansas City 4
TOP OF THE 8TH
Cincinnati Reds batting - Pitching for Kansas City Royals : RHP Sergio Quinones
Batting: LHB Shawn Morrison 0-0: Called Strike
0-1: Ball
1-1: Called Strike
1-2: Ball
2-2: Foul Ball, location: 2F
2-2: Ball
3-2: Ground out 6-3 (Groundball, 4M, EV 88.1 MPH)
Batting: RHB Omar Quintana 0-0: Called Strike
0-1: Ball
1-1: Ball
2-1: Fly out, F8 (Flyball, 8LXD, EV 85.6 MPH)
Batting: RHB Willie Lazcano 0-0: Ball
1-0: Called Strike
1-1: DOUBLE (Flyball, 89D, EV 105.6 MPH)
Batting: LHB Sean Geisler 0-0: Swinging Strike
0-1: Called Strike
0-2: Ball
1-2: Ball
2-2: Strikes out swinging
Top of the 8th over - 0 runs, 1 hit, 0 errors, 1 left on base; Cincinnati 6 - Kansas City 4
BOTTOM OF THE 8TH
Kansas City Royals batting - Pitching for Cincinnati Reds : RHP Gwidon Kaminski
Pitching: LHP Jose Estrada
Pinch Hitting: SHB Gil Switzer 0-0: Foul Ball, location: 2F
0-1: Ball
1-1: Ball
2-1: Foul Ball, location: 2F
2-2: Strikes out looking
Batting: RHB Adam Martin 0-0: Called Strike
0-1: Ball
1-1: Called Strike
1-2: Foul Ball, location: 2F
1-2: Ball
2-2: Ball
3-2: Ground out 6-3 (Groundball, 56, EV 110.0 MPH)
Batting: RHB Mikolas Markus 0-0: Ball
1-0: Ball
2-0: Ball
3-0: Base on Balls
Batting: RHB Bob Najar 0-0: Fielders Choice at 2nd, 6-4 (Groundball, 6, EV 83.8 MPH)
Bottom of the 8th over - 0 runs, 0 hits, 0 errors, 1 left on base; Cincinnati 6 - Kansas City 4
TOP OF THE 9TH
Cincinnati Reds batting - Pitching for Kansas City Royals : RHP Sergio Quinones
Pitching: RHP Dan Dill
Now in RF: Gil Switzer
Batting: LHB Jake Bill 0-0: Called Strike
0-1: Ball
1-1: Foul Ball, location: 2F
1-2: Ball
2-2: Ball
3-2: Fly out, F9 (Flyball, 9D, EV 92.5 MPH)
Batting: SHB Saulo Maina 0-0: Foul Ball, location: 2F
0-1: Swinging Strike
0-2: Ball
1-2: Strikes out swinging
Batting: LHB Satoru Handa 0-0: Swinging Strike
0-1: Ball
1-1: Ball
2-1: Fly out, F8 (Flyball, 78S, EV 91.2 MPH)
Top of the 9th over - 0 runs, 0 hits, 0 errors, 0 left on base; Cincinnati 6 - Kansas City 4
BOTTOM OF THE 9TH
Kansas City Royals batting - Pitching for Cincinnati Reds : LHP Jose Estrada
Pitching: LHP Vince Zujovic
Batting: LHB Sam Britt 0-0: Foul Ball, location: 2F
0-1: Swinging Strike
0-2: Strikes out swinging
Batting: RHB Mike Jaquez 0-0: Swinging Strike
0-1: Ball
1-1: Fly out, F8 (Flyball, 8LM, EV 96.2 MPH)
Batting: RHB Imbart Faber 0-0: Ball
1-0: Ground out 5-3 (Groundball, 5, EV 82.5 MPH)
Bottom of the 9th over - 0 runs, 0 hits, 0 errors, 0 left on base; Cincinnati 6 - Kansas City 4
Wednesday, June 22nd , 2022 - OOTP Baseball 23.4 Build 64